AoeStats
← Breakfast

Arabia

510610484Analyzed
2v2 RM · 1d ago on Oct 1, 2026· 51m 42s· 4 players
Game mode
Random Map
Map size
Medium (4 player)
Population
200
Speed
Normal
Resources
Standard
Victory
Conquest
Starting age
Dark Age
Ending age
Imperial Age
RankedLock teamsTeams togetherTeam positionsShared explorationLock speedFull tech treeHidden civsTurbo modeCheats
Victory
Defeat
🇬🇧 Aztecs · United Kingdom
1595
+21
🇬🇧 Huns · United Kingdom
1543
+23
🇧🇾 Byzantines · Belarus
1729
-23
🇨🇴 Goths · Colombia
1687
-21
Oni.Vinchester
9:22 Feudal Age
7:39 Loom
9:50 Double-Bit Axe
16:57 Horse Collar
22:24 Castle Age
20:28 Fletching
22:43 Gold Mining
22:37 Crossbowman
23:13 Bodkin Arrow
23:49 Bow Saw
24:25 Wheelbarrow
25:29 Padded Archer Armor
26:16 Ballistics
29:32 Hand Cart
34:39 Imperial Age
32:32 Leather Archer Armor
32:44 Thumb Ring
33:11 Heavy Plow
34:56 Scale Barding Armor
34:52 Husbandry
34:42 Arbalester
35:37 Bracer
35:58 Clinker Construction
37:13 Chemistry
40:26 Heavy Camel Rider
41:42 Ring Archer Armor
42:16 Forging
42:32 Conscription
44:05 Chain Barding Armor
44:21 Iron Casting
49:26 Elite Skirmisher
51:35 Treadmill Crane
NuMa | OliverAtom
0:26 Loom
10:30 Feudal Age
10:38 Man-at-Arms
12:53 Double-Bit Axe
15:23 Fletching
18:00 Padded Archer Armor
22:50 Castle Age
21:00 Horse Collar
21:48 Gold Mining
22:56 Crossbowman
23:31 Bodkin Arrow
23:47 Bodkin Arrow
25:20 Ballistics
26:22 Bow Saw
27:48 Elite Skirmisher
28:43 Leather Archer Armor
Nephthys123
6:09 Loom
6:15 Loom
8:41 Feudal Age
9:38 Double-Bit Axe
10:36 Horse Collar
16:18 Town Watch
20:50 Bloodlines
20:47 Scale Barding Armor
24:55 Castle Age
23:34 Forging
24:56 Light Cavalry
25:57 Chain Barding Armor
32:06 Husbandry
39:26 Iron Casting
39:38 Marauders
43:15 Imperial Age
43:16 Elite Tarkan
44:36 Plate Barding Armor
44:35 Fletching
45:40 Wheelbarrow
45:03 Pikeman
46:00 Scale Mail Armor
45:44 Halberdier
46:25 Squires
48:59 Conscription
50:57 Chain Mail Armor
Breakfast
5:45 Loom
10:00 Feudal Age
14:50 Fletching
16:02 Double-Bit Axe
25:04 Castle Age
23:40 Horse Collar
23:53 Town Watch
24:38 Gold Mining
25:40 Bodkin Arrow
25:08 Crossbowman
27:56 Ballistics
28:20 Padded Archer Armor
31:22 Wheelbarrow
32:11 Leather Archer Armor
35:02 Heavy Plow
35:06 Elite Skirmisher
36:28 Bow Saw
38:11 Hand Cart
41:01 Stone Mining
41:47 Gold Shaft Mining
45:56 Imperial Age
44:53 Town Patrol
46:59 Conscription
46:41 Bracer
47:42 Chemistry
46:32 Arbalester
48:39 Atlatl
49:18 Coinage
50:24 Eagle Warrior
51:05 Squires
50:51 Arson
51:07 Scale Mail Armor
52:18 Chain Mail Armor
52:13 Forging
52:09 Siege Engineers
51:45 Treadmill Crane
Connection lost

Rejoining the realm…

Still unreachable

The connection could not be restored.

Session expired

The server has moved on; the page needs a fresh start.